 Dungeon Sprint DCSS version 0.24-a0-530-g18ba70b503 (webtiles) character file.

Game seed: 12100518945746651643

10100 DasRunzen the Fighter (level 11, -1/110 HPs)
             Began as a Minotaur Fighter on Aug 9, 2019.
             Was the Champion of Okawaru.
             Killed by divine providence
             ... invoked by an orc high priest
              (9 damage)
             ... in the Dungeon (Sprint IX: "|||||||||||||||||||||||||||||").
             The game lasted 00:06:33 (2457 turns).

DasRunzen the Fighter (Minotaur Fighter)            Turns: 2457, Time: 00:06:33

Health: -1/110     AC: 17    Str: 21    XL:     11   Next: 31%
Magic:  5/6        EV: 20    Int:  8    God:    Okawaru [******]
Gold:   1030       SH:  0    Dex: 13    Spells: 10/10 levels left

rFire    . . .     SeeInvis .   a - +5 great mace of Eternal Vigilance {antimagic, MR++}
rCold    . . .     Gourm    .   (shield currently unavailable)
rNeg     . . .     Faith    .   q - +1 scale mail
rPois    .         Spirit   .   x - +0 hat {MR+}
rElec    .         Reflect  .   (no cloak)
rCorr    .         Harm     .   z - +0 pair of gloves
MR       +++..     NoTele   +   y - +0 pair of boots
Stlth    +.........             (no amulet)
HPRegen  0.28/turn              r - +2 ring of protection
MPRegen  0.10/turn              s - +3 ring of intelligence

@: heroism
A: retaliatory headbutt, horns 2
a: Heroism, Finesse, Renounce Religion


You were in the Dungeon.
You worshipped Okawaru.
Okawaru was exalted by your worship.
You were not hungry.

You visited 1 branch You collected 1030 gold pieces.

Inventory:

Hand Weapons
 a - the +5 great mace of Eternal Vigilance (weapon) {antimagic, MR++}
   (Okawaru gifted it to you in the Dungeon)

   It reduces the magical energy of the wielder, and disrupts the spells and
   magical abilities of those hit.
   Natural abilities and divine invocations are not affected.
   It affects your resistance to hostile enchantments.
 p - the +2 scimitar of the Establishment {drain, rF+ rC+}
   (You found it in the Dungeon)

   A truly terrible weapon, it drains the life of those it strikes.
   It protects you from fire.
   It protects you from cold.
Armour
 c - a +2 shield
 q - a +1 scale mail (worn)
 x - a +0 hat of magic resistance (worn)
 y - a +0 pair of boots (worn)
 z - a +0 pair of gloves (worn)
Jewellery
 r - a +2 ring of protection (left hand)
 s - a +3 ring of intelligence (right hand)
 u - the amulet "Isoh" {RegenMP rF- rN++ Int+4}
   (You found it in the Dungeon)

   [amulet of magic regeneration]

   It increases your magic regeneration.
   It affects your intelligence (+4).
   It makes you vulnerable to fire.
   It greatly protects you from negative energy.
Wands
 o - a wand of iceblast (10)
Scrolls
 k - 2 scrolls of blinking
 m - 3 scrolls of remove curse
 n - 2 scrolls of amnesia
 t - a scroll of identify
 v - 2 scrolls of fog
 w - 2 scrolls of enchant weapon
Potions
 b - 2 potions of agility
 d - a potion of might
 e - 7 potions of curing
 g - 3 potions of heal wounds
 h - a potion of haste
 i - 4 potions of magic
 j - a potion of berserk rage
 l - a potion of invisibility
Comestibles
 f - 11 rations


   Skills:
 + Level 14.0(19.0) Fighting
 + Level 13.8(18.8) Long Blades
 * Level 4.3(9.3) Maces & Flails
 + Level 13.8(18.8) Armour
 + Level 12.4(17.4) Dodging
 + Level 13.9(18.9) Shields
 + Level 10.9 Invocations


You had 10 spell levels left.
You didn't know any spells.
Your spell library was empty.

Dungeon Overview and Level Annotations

Branches:
Dungeon (1/1)

Altars:
Cheibriados
Dithmenos
Elyvilon
Fedhas
Gozag
Hepliaklqana
Kikubaaqudgha
Makhleb
Nemelex Xobeh
Okawaru
Qazlal
Ru
Sif Muna
Trog
Uskayaw
Vehumet
Wu Jian
Xom
Yredelemnul
Zin
The Shining One
Beogh
Jiyva
Lugonu

Shops:
D (


Innate Abilities, Weirdness & Mutations

You reflexively headbutt those who attack you in melee.
You have a pair of horns on your head.


Message History

The orc knight completely misses you.
The ynoxinul gestures.
The orc high priest utters an invocation to Beogh.
You hit the orc knight.
The orc knight is severely wounded.
The orc knight barely misses you.
The orc high priest calls down the wrath of Beogh upon you.
Beogh smites you!
* * * LOW HITPOINT WARNING * * *
The orc high priest utters an invocation to Beogh.
The orc high priest invokes the aid of Beogh against you.
Beogh smites you!
* * * LOW HITPOINT WARNING * * *
You hear a shout!
You hit the orc knight.
The orc knight is severely wounded.
The ynoxinul gestures.
The orc high priest calls down the wrath of Beogh upon you.
Beogh smites you!
You die...

▓▓▓▓▓▓▓▓▓▓▓▓▓▓▓▓▓▓▓▓▓▓▓▓
....)))))..)....@o3oooo3
▓▓▓▓▓▓▓▓▓▓▓▓▓▓▓▓▓▓▓▓▓▓▓▓▓▓▓▓▓▓▓▓▓
.................................
▓▓▓▓▓▓▓▓▓▓▓▓▓▓▓▓▓▓▓▓▓▓▓▓▓▓▓▓▓▓▓▓▓
........'....÷÷...'...÷.....(.('.
▓▓▓▓▓▓▓▓▓▓▓▓▓▓▓▓▓▓▓▓▓▓▓▓▓▓▓▓▓▓▓▓▓
.................................
▓▓▓▓▓▓▓▓▓▓▓▓▓▓▓▓▓▓▓▓▓▓▓▓▓▓▓▓▓▓▓▓▓
__________________'..|).[..[)....


You could see an orc knight, 4 orc high priests, a neqoxec and a ynoxinul.

Vanquished Creatures
  2 catoblepae (D)
  A centaur warrior (D)
  4 death yaks (D)
  Sonja (D)
  An unseen horror (D)
  An orc sorcerer (D)
  2 orc knights (D)
  An elephant (D)
  A blink frog (D)
  2 hippogriffs (D)
  3 yaks (D)
  A basilisk (D)
  A hungry ghost (D)
  4 porcupines (D)
  3 water moccasins (D)
  9 orc warriors (D)
  A sky beast (D)
  An ogre (D)
  4 crocodiles (D)
  A big kobold (D)
  2 bullfrogs (D)
  2 hounds (D)
  3 orc priests (D)
  2 orc wizards (D)
  2 worker ants (D)
  An adder zombie (D)
  3 leopard geckos (D)
  9 orcs (D)
  2 bats (D)
  A bat skeleton (D)
  A giant cockroach (D)
  A giant cockroach zombie (D)
  A rat (D)
74 creatures vanquished.

Vanquished Creatures (others)
  A spatial maelstrom (D)
1 creature vanquished.

Grand Total: 75 creatures vanquished

Notes
Turn   | Place    | Note
-------+----------+-------------------------------------------
     0 | D        | DasRunzen the Minotaur Fighter began the quest for the Orb.
     0 | D        | Reached XP level 1. HP: 19/19 MP: 0/0
    11 | D        | Banished a spatial maelstrom
    12 | D        | Reached skill level 4 in Fighting
    12 | D        | Reached skill level 1 in Dodging
    26 | D        | Noticed an ogre
    29 | D        | Reached XP level 2. HP: 16/27 MP: 1/1
    34 | D        | Killed an ogre
    34 | D        | Reached skill level 5 in Fighting
    34 | D        | Reached skill level 5 in Long Blades
    34 | D        | Reached skill level 5 in Armour
    34 | D        | Reached skill level 5 in Shields
    34 | D        | Reached XP level 3. HP: 23/37 MP: 2/2
    34 | D        | Reached XP level 4. HP: 27/44 MP: 3/3
    50 | D        | Found a roughly hewn altar of Beogh.
    50 | D        | Found a snail-covered altar of Cheibriados.
    50 | D        | Found a shadowy altar of Dithmenos.
    50 | D        | Found a white marble altar of Elyvilon.
    50 | D        | Found a blossoming altar of Fedhas.
    50 | D        | Found an opulent altar of Gozag.
    51 | D        | Found a hazy altar of Hepliaklqana.
    52 | D        | Found a viscous altar of Jiyva.
    53 | D        | Found an ancient bone altar of Kikubaaqudgha.
    54 | D        | Found a corrupted altar of Lugonu.
    55 | D        | Found a burning altar of Makhleb.
    56 | D        | Found a sparkling altar of Nemelex Xobeh.
    57 | D        | Found an iron altar of Okawaru.
    58 | D        | Found a stormy altar of Qazlal.
    59 | D        | Found a sacrificial altar of Ru.
    60 | D        | Found a deep blue altar of Sif Muna.
    61 | D        | Found a bloodstained altar of Trog.
    62 | D        | Found a hide-covered altar of Uskayaw.
    63 | D        | Found a radiant altar of Vehumet.
    64 | D        | Found an ornate altar of the Wu Jian Council.
    65 | D        | Became a worshipper of Warmaster Okawaru
    66 | D        | Found a shimmering altar of Xom.
    67 | D        | Found a basalt altar of Yredelemnul.
    68 | D        | Found a glowing silver altar of Zin.
    69 | D        | Found a glowing golden altar of the Shining One.
    88 | D        | Got the +2 scimitar of the Establishment {drain, rF+ rC+}
   188 | D        | Noticed a hungry ghost
   188 | D        | Noticed a yak
   192 | D        | Reached skill level 6 in Fighting
   192 | D        | Reached skill level 1 in Invocations
   198 | D        | Killed a hungry ghost
   198 | D        | Reached * piety under Okawaru
   198 | D        | Reached skill level 7 in Fighting
   198 | D        | Reached skill level 5 in Dodging
   198 | D        | Reached XP level 5. HP: 51/52 MP: 3/6
   201 | D        | Reached XP level 6. HP: 59/60 MP: 3/7
   213 | D        | Killed a yak
   213 | D        | Reached skill level 8 in Fighting
   225 | D        | Noticed a centaur warrior
   225 | D        | Noticed a sky beast
   228 | D        | Reached XP level 7. HP: 69/69 MP: 6/9
   232 | D        | Killed an unseen horror
   232 | D        | Reached ** piety under Okawaru
   240 | D        | Killed a centaur warrior
   240 | D        | Reached *** piety under Okawaru
   240 | D        | Reached skill level 9 in Fighting
   240 | D        | Reached XP level 8. HP: 51/79 MP: 8/11
   247 | D        | Reached **** piety under Okawaru
   251 | D        | Reached skill level 10 in Fighting
   251 | D        | Reached skill level 10 in Armour
   456 | D        | Got the amulet "Isoh" {RegenMP rF- rN++ Int+4}
   473 | D        | Reached skill level 10 in Shields
   475 | D        | Reached skill level 10 in Long Blades
   487 | D        | Noticed a hippogriff
   490 | D        | Reached XP level 9. HP: 61/86 MP: 13/13
   497 | D        | Reached ***** piety under Okawaru
   497 | D        | Reached skill level 11 in Fighting
   602 | D        | Noticed an elephant
   626 | D        | Reached skill level 10 in Dodging
   632 | D        | Killed an elephant
   872 | D        | Noticed a death yak
   872 | D        | Noticed a catoblepas
   872 | D        | Noticed a death yak
   872 | D        | Noticed a catoblepas
   872 | D        | Noticed a death yak
   875 | D        | Noticed a death yak
   894 | D        | Killed a catoblepas
   894 | D        | Received a gift from Okawaru
   894 | D        | Reached skill level 12 in Fighting
   894 | D        | Reached XP level 10. HP: 76/97 MP: 15/15
   949 | D        | Killed a death yak
   955 | D        | Killed a death yak
   958 | D        | Killed a death yak
  1329 | D        | Killed a death yak
  1329 | D        | Reached skill level 13 in Fighting
  1329 | D        | Reached skill level 10 in Invocations
  1337 | D        | Killed a catoblepas
  1337 | D        | Reached ****** piety under Okawaru
  1706 | D        | Noticed Sonja
  1716 | D        | Killed Sonja
  1716 | D        | Reached XP level 11. HP: 101/107 MP: 17/17
  1794 | D        | Noticed an orc knight
  1803 | D        | Received a gift from Okawaru
  1804 | D        | Got an ichor-stained great mace {god gift}
  1814 | D        | Killed an orc knight
  2112 | D        | Identified the +5 great mace of Eternal Vigilance
                  | {antimagic, MR++} (Okawaru gifted it to you in the Dungeon)
  2122 | D        | Noticed an orc sorcerer
  2126 | D        | Noticed an orc knight
  2127 | D        | Killed an orc sorcerer
  2144 | D        | Killed an orc knight
  2153 | D        | HP: 3/108 [orc warrior/+0 halberd (10)]
  2159 | D        | Reached skill level 14 in Fighting
  2445 | D        | Found Jutaum Letu's Weapon Emporium.
  2445 | D        | Noticed an orc knight
  2445 | D        | Noticed an orc high priest
  2445 | D        | Noticed an orc high priest
  2445 | D        | Noticed an orc high priest
  2445 | D        | Noticed an orc high priest
  2457 | D        | Killed from afar by an orc high priest

Levels and vault maps discovered:
D:        linesprint [early_d, line_temple, items_1, d_10, items_2, lair_1,
          lair_end, items_3, orc_1, orc_end, items_4, d_15, swamp_1, shoals_1,
          snake_1, spider_1, d_20, vaults_1, items_5, swamp_end, shoals_end,
          snake_end, spider_end, vaults_end, d_27, items_6, zot_1, zot_end,
          crypt_end, forest_end, elf_end, slime_end, tomb_end, abyss_end,
          pan_hell_end]

Skill      XL: |  1  2  3  4  5  6  7  8  9 10 11 |
---------------+----------------------------------+-----
Fighting       | 4 5 7 8 9 10 12 13 14 | 14.0
Armour         | 4 5 7 8 9 10 12 13 | 13.8
Dodging        | 1 3 5 6 8 9 10 12 | 12.4
Shields        | 4 5 7 8 9 10 12 13 | 13.9
Long Blades    | 3 5 6 8 9 10 12 13 | 13.8
Invocations    | 3 4 6 7 9 10 | 10.9
Maces & Flails | 4 |  4.3

Action                   |  1- 3 |  4- 6 |  7- 9 | 10-12 || total
-------------------------+-------+-------+-------+-------++-------
Melee: Long sword        |    24 |     9 |       |       ||    33
       Headbutt          |     4 |     7 |    21 |    39 ||    71
       Scimitar          |       |    27 |    97 |    94 ||   218
       Great mace        |       |       |       |    49 ||    49
Invok: Heroism           |       |       |       |     4 ||     4
  Use: Scroll            |       |       |     3 |       ||     3
       Potion            |       |       |       |     2 ||     2
 Stab: Petrified         |       |       |       |    12 ||    12
  Eat: Chunk             |       |       |     1 |     6 ||     7
Armor: Scale mail        |    15 |     9 |    40 |    37 ||   101
Dodge: Dodged            |     5 |    11 |    29 |    46 ||    91
Block: Shield            |    12 |    13 |    49 |    26 ||   100
       Rpst.: Long sword |     4 |       |       |       ||     4
       Scimitar          |       |     3 |     7 |     4 ||    14

Table legend:
 A = Non-vault XP
 B = Vault XP
 C = Vault XP percentage of total XP
 D = Non-vault monster count
 E = Vault monster count
 F = Vault count percentage of total count
                 A         B        C        D         E       F
            +---------+---------+-------+---------+---------+-------
      Total |       0 |   14429 | 100.0 |       0 |      74 | 100.0
            +---------+---------+-------+---------+---------+-------
          D |       0 |   14429 | 100.0 |       0 |      74 | 100.0
            +---------+---------+-------+---------+---------+-------
